Map: Ulrena

Players

LilDicky

  • Race: Terran Terran
  • League: Diamond

commiebits - Winner!

  • Race: Zerg Zerg

VOD

http://www.twitch.tv/tumescentpie

Description

Time

  • Played on: Dec. 12, 2015, 11:36 a.m.
  • Length: 11:21
Show
View Real Time Build Order
Export as new Build Order

LilDicky Terran 

Build Orders:  

Get SALT Encoding   

  12  0:01  SCV  
  13  0:13  SCV  
  14  0:19  Supply Depot  
  14  0:25  SCV  
  15  0:40  SCV  
  16  0:52  SCV  
  16  0:54  Barracks  
  17  1:00  Barracks  
  17  1:04  SCV  
  17  1:08  Barracks  
  18  1:16  SCV  
  19  1:28  SCV  
  19  1:31  Supply Depot  
  20  1:43  Marine  
  22  1:47  Marine  
  22  1:52  Orbital Command  
  22  1:56  Marine  
  23  2:05  Marine  
  23  2:06  Supply Depot, Marine  
  25  2:14  Marine  
  27  2:22  SCV  
  27  2:23  Marine  
  27  2:24  Marine  
  29  2:32  Marine  
  29  2:35  SCV  
  31  2:41  Marine x2  
  33  2:50  Marine  
  34  2:59  Marine x2  
  36  3:07  Marine  
  37  3:17  Marine x2  
  37  3:25  Marine  
  27  3:34  Marine  
  27  3:35  Marine  
  26  3:42  SCV  
  26  3:43  Marine  
  27  3:52  Marine  
  27  3:53  Marine  
  29  4:01  Marine  
  30  4:07  SCV  
  31  4:10  Marine x2  
  29  4:19  Marine  
  29  4:28  Marine x2  
  29  4:40  Marine  
  27  4:46  Marine x2  
  28  4:53  SCV  
  28  4:54  Command Center  
  28  4:58  Marine  
  30  5:04  Marine x2  
  25  5:15  Marine  
  22  5:21  Marine  
  22  5:25  Marine  
  22  5:28  SCV  
  23  5:33  Marine  
  24  5:39  Marine  
  24  5:40  SCV  
  26  5:43  Marine  
  26  5:46  Bunker  
  27  5:51  Marine  
  27  5:52  SCV  
  29  5:57  Marine  
  29  6:01  Refinery  
  29  6:02  Refinery, Marine  
  31  6:04  SCV  
  31  6:07  Orbital Command  
  32  6:17  Supply Depot  
  32  6:21  Marine  
  32  6:22  Marine x2  
  35  6:27  SCV  
  36  6:33  SCV  
  36  6:39  SCV  
  39  6:40  Barracks Tech Lab  
  39  6:41  Barracks Tech Lab  
  39  6:46  Barracks Reactor  
  37  6:47  SCV  
  37  6:50  Supply Depot  
  37  6:51  SCV  
  39  7:10  SCV  
  39  7:13  Supply Depot  
  39  7:14  SCV  
  39  7:15  Marine x2  
  41  7:22  SCV  
  44  7:24  Combat Shields, Stimpack  
  44  7:26  SCV, Marine x2  
  47  7:33  Marine  
  47  7:34  SCV  
  49  7:38  SCV  
  50  7:46  SCV, Marine  
  50  7:48  Factory, Marine  
  50  7:50  SCV  
  54  8:03  SCV x2  
  54  8:04  Marine x3  
  59  8:13  Marine  
  59  8:15  SCV x2  
  62  8:22  Marine x2  
  64  8:34  Starport, Factory Reactor, Engineering Bay  
  59  9:14  Marine x4  
  40  9:23  Medivac x2  
  44  9:24  SCV  
  44  9:29  Command Center  
  45  9:31  Marine  
  45  9:33  Factory Reactor  
  45  9:37  Barracks  
  46  9:38  Supply Depot, Barracks, Marine  
  46  9:39  Barracks, Marine x2  
  46  9:40  Barracks  
  49  9:49  Marine  
  50  9:54  Medivac  
  50  9:55  SCV, Medivac  
  50  9:56  SCV, Marine x2  
  58  10:05  Marine  
  59  10:07  Marine  
  59  10:08  SCV  
  59  10:11  Widow Mine x2  
  59  10:12  SCV  
  66  10:15  Marine  
  66  10:16  Marine  
  66  10:20  SCV  
  69  10:38  Supply Depot, SCV  
  69  10:42  Missile Turret, Orbital Command  
  70  10:47  Missile Turret  
  70  10:48  Supply Depot  
  70  10:52  Missile Turret  
  70  10:53  Marine x3  
  70  10:54  Supply Depot, Marine x2  
  70  10:55  SCV, Marine  
  70  10:56  Marine x2  
Show
View Real Time Build Order
Export as new Build Order

commiebits Zerg - Winner!

Build Orders: Hatch First 

Get SALT Encoding   

  12  0:01  Drone  
  13  0:14  Overlord  
  13  0:18  Drone  
  14  0:32  Drone x2  
  16  0:36  Drone  
  17  0:58  Drone  
  17  0:59  Hatchery  
  17  1:00  Drone  
  17  1:02  Extractor  
  17  1:19  Spawning Pool  
  16  1:27  Drone x2  
  16  1:30  Drone  
  19  1:40  Overlord  
  19  2:05  Zergling x4  
  19  2:07  Metabolic Boost  
  21  2:10  Queen x2  
  21  2:13  Drone  
  26  2:17  Drone  
  27  2:27  Drone x2  
  29  2:35  Drone x2  
  30  2:51  Spine Crawler  
  29  2:52  Spine Crawler  
  28  3:01  Spine Crawler  
  28  3:03  Spine Crawler, Zergling x4  
  28  3:08  Zergling x2  
  28  3:09  Zergling x2  
  29  3:53  Baneling Nest  
  29  3:55  Burrow  
  28  3:58  Spine Crawler  
  26  4:05  Zergling x6  
  25  4:31  Zergling x2  
  25  4:32  Zergling x2  
  24  4:40  Baneling  
  24  4:41  Zergling x2  
  25  4:52  Zergling x2  
  26  4:59  Hatchery  
  21  5:28  Zergling x4  
  21  5:29  Zergling x2  
  24  5:40  Hatchery  
  23  5:43  Zergling x2  
  23  5:49  Baneling x5  
  24  5:50  Baneling  
  24  5:51  Zergling x2  
  26  6:06  Hatchery  
  25  6:12  Zergling x8  
  25  6:16  Queen x2  
  33  6:28  Drone x2  
  35  6:52  Drone  
  36  6:58  Overlord  
  36  6:59  Overlord x4  
  36  7:16  Overlord x2  
  36  7:17  Overlord x2  
  36  7:20  Zergling x4  
  36  7:21  Zergling x8  
  42  7:27  Roach Warren  
  41  7:36  Lair  
  41  7:39  Drone x4  
  41  7:41  Extractor  
  44  7:51  Drone  
  44  7:52  Drone x6  
  51  8:21  Roach  
  51  8:22  Roach x3  
  59  8:33  Extractor  
  58  9:01  Zergling x2  
  58  9:02  Zergling x12  
  65  9:03  Zergling x2  
  61  9:25  Nydus Network  
  61  9:27  Zergling x10  
  61  9:28  Zergling x32  
  81  9:57  Zergling x4  
  81  9:58  Zergling x16  
  91  10:12  Nydus Canal  
  91  10:42  Drone x4  
  95  10:43  Drone x6  
  95  10:48  Baneling x6  
  95  10:49  Baneling x7  
  101  10:50  Baneling x2  
Tags
 
Add a new tag
Caveats
  • Supply blocks, unpowered buildings, or Contaminate may cause inaccurate times.
  • Supply counts are checked every 10 seconds.